 Dungeon Crawl Stone Soup version 0.28-a0-793-g31680bbd8b (webtiles) character file.

Game seed: 9959848152825348244

16857 jasper the Grappler (level 12, -4/86 HPs)
             Began as a Demonspawn Cinder Acolyte on Nov 4, 2021.
             Was an Initiate of Ignis.
             Slain by a freezing wraith (7 damage)
             ... led by a death knight
             ... on level 10 of the Dungeon.
             The game lasted 00:24:05 (16723 turns).

jasper the Grappler (Demonspawn Cinder Acolyte)    Turns: 16723, Time: 00:24:05

Health: -4/86      AC: 16    Str: 14 (15) XL:     12   Next: 13%
Magic:  13/13      EV: 15    Int: 18 (21) God:    Ignis [......]
Gold:   687        SH:  4    Dex: 11 (12) Spells: 7/13 levels left

rFire   + . .      SeeInvis .     - Unarmed
rCold   . . .      Faith    .   (no shield)
rNeg    . . .      Spirit   .   E - +0 steam dragon scales
rPois   .          Reflect  .   o - +0 helmet
rElec   .          Harm     .   v - +2 cloak {Will+}
rCorr   .          Rampage  .   (no gloves)
Will    +....                   K - +1 pair of boots
Stlth   +++.......              (no amulet)
HPRegen 0.24/turn               j - ring of flight
MPRegen 0.13/turn               c - +4 ring of evasion

@: flying
A: thin skeletal structure 2, icemail 1, spiny 2, condensation shield, weakness
stinger 2
a: Renounce Religion


You were on level 10 of the Dungeon.
You worshipped Ignis.
Ignis was noncommittal.
You visited 2 branches of the dungeon, and saw 15 of its levels.

You collected 737 gold pieces.
You spent 50 gold pieces at shops.

Inventory:

Missiles
 b - 355 stones (quivered)
 h - 29 poisoned darts
 i - 8 javelins
 L - 3 curare-tipped darts
Armour
 a - a +0 robe
 g - a +0 ring mail
 k - a +1 scale mail
 o - a +0 helmet (worn)
 s - a +2 robe of cold resistance
 v - a +2 cloak of willpower (worn)
 y - a +0 pair of boots
 D - a +0 kite shield
 E - +0 steam dragon scales (worn)
 I - a +0 cloak of preservation
 K - a +1 pair of boots (worn)
Jewellery
 c - a +4 ring of evasion (right hand)
 j - a ring of flight (left hand)
Wands
 d - a wand of polymorph (14)
 q - a wand of flame (35)
 C - a wand of paralysis (2)
Scrolls
 e - 2 scrolls of teleportation
 f - a scroll of identify
 p - a scroll of silence
 w - 3 scrolls of amnesia
 z - a scroll of fear
 A - a scroll of magic mapping
 F - a scroll of fog
 G - 2 scrolls of enchant armour
 J - a scroll of enchant weapon
Potions
 l - a potion of curing
 m - a potion of resistance
 n - a potion of degeneration
 r - 3 potions of flight {unknown}
 t - 3 potions of brilliance {unknown}
 x - a potion of berserk rage {unknown}
 B - 2 potions of heal wounds {unknown}
Miscellaneous
 u - a box of beasts (inert)


   Skills:
 - Level 5.5 Fighting
 - Level 3.0 Armour
 - Level 11.0 Unarmed Combat
 - Level 1.0 Spellcasting
 + Level 9.4 Transmutations
 - Level 2.6 Fire Magic
 + Level 9.4 Earth Magic
 - Level 5.0 Evocations


You had 7 spell levels left.
You knew the following spells:

 Your Spells              Type           Power      Damage    Failure   Level
a - Statue Form           Tmut/Erth      23%        N/A       54%         6

Your spell library contained the following spells:

 Spells                   Type           Power      Damage    Failure   Level
 Spider Form              Tmut/Pois      17%        N/A       9%          3
 Scorch                   Fire           20%        2d6       10%         2
 Ignite Poison            Fire/Tmut/Pois 15%        N/A       12%         3
 Summon Small Mammal      Summ           0%         N/A       21%         1
 Ice Form                 Ice/Tmut       17%        N/A       28%         4
 Ensorcelled Hibernation  Hex/Ice        0%         N/A       30%         2
 Conjure Flame            Conj/Fire      5%         6-21      34%         3
 Call Canine Familiar     Summ           0%         N/A       52%         3
 Dazzling Flash           Conj/Hex       0%         N/A       52%         3
 Summon Guardian Golem    Hex/Summ       0%         N/A       52%         3
 Sticky Flame             Conj/Fire      5%         2d3       75%         4
 Airstrike                Air            0%         N/A       89%         4
 Cause Fear               Hex            0%         N/A       89%         4
 Iskenderun's Mystic Bla  Conj/Tloc      0%         2d3       89%         4
 Summon Ice Beast         Ice/Summ       0%         N/A       89%         4
 Summon Lightning Spire   Summ/Air       0%         N/A       89%         4
 Dragon Form              Tmut           17%        N/A       98%         7
 Lightning Bolt           Conj/Air       0%         1d11      99%         5
 Starburst                Conj/Fire      2%         6d3       100%        6
 Lehudib's Crystal Spear  Conj/Erth      8%         10d4      100%        8
 Dragon's Call            Summ           0%         N/A       100%        9
 Polar Vortex             Ice            0%         N/A       100%        9


Dungeon Overview and Level Annotations

Branches:
Dungeon (14/15)            Temple (1/1) D:4            Lair (0/6) D:8
    Orc (0/2) D:9
 Vaults: D:13-14

Altars:
Ashenzari
Cheibriados
Dithmenos
Elyvilon
Fedhas
Gozag
Hepliaklqana
Kikubaaqudgha
Nemelex Xobeh
Qazlal
Ru
Sif Muna
Trog
Uskayaw
Vehumet
Wu Jian
Xom
Yredelemnul
Zin
The Shining One

Shops:
D:5 *

Annotations:
D:11 exclusion: obsidian statue
D:14 Frances, Josephine


Innate Abilities, Weirdness & Mutations

You have a moderately thin skeletal structure. (Dex +4, Stealth++)
A meltable icy envelope protects you from harm. (AC +4)
You are mostly covered in sharp spines.
A meltable shield of frost defends you. (SH +4)
You have a tail ending in a sharp stinger.


Message History

You hit the freezing wraith but do no damage.
Your tail-slap misses the freezing wraith.
The freezing wraith completely misses you.
The freezing wraith closely misses you.
You hit the freezing wraith but do no damage.
The freezing wraith hits you but does no damage.
You block the freezing wraith's attack.
You hit the freezing wraith.
The freezing wraith is lightly damaged.
You hit the freezing wraith but do no damage.
The freezing wraith is lightly damaged.
The freezing wraith barely misses you. The freezing wraith hits you.
You take 3 damage, and have 52/86 hp.
You punch the freezing wraith!
Your tail-slap misses the freezing wraith.
The freezing wraith is moderately damaged.
The freezing wraith barely misses you.
The freezing wraith hits you but does no damage.
You barely miss the freezing wraith.
The freezing wraith is moderately damaged.
You block the freezing wraith's attack. The freezing wraith barely misses you.
You hit the freezing wraith.
The freezing wraith is heavily damaged.
The freezing wraith is struck by your spines.
The freezing wraith hits you. The freezing wraith freezes you!!
You block the freezing wraith's attack.
You take 24 damage, and have 28/86 hp.
MASSIVE DAMAGE!!
You punch the freezing wraith!
The freezing wraith is severely damaged.
You hit the freezing wraith but do no damage.
The freezing wraith is severely damaged.
The freezing wraith closely misses you. x2
You hit the freezing wraith.
The freezing wraith is almost destroyed.
The freezing wraith hits you.
* * * LOW HITPOINT WARNING * * *
The freezing wraith freezes you!!
* * * LOW HITPOINT WARNING * * *
The freezing wraith hits you!
You die...

..........................######
...............##########.#
...............# #.#
...............# #.#
...............# #.#
...............# #.######
...............##########.......
.....$.........(.(..............
######..####...@W..(...........#
#..# #..########...####..# #
#.># #..# #...# #..# .# #..#
#..# #...# #..# .#
#..####..########...####... .#
#................(..((..... .#
#..................#####... >#
#.......#########..# #..# .#
#.......# #..# #..#


You could see a freezing wraith.

Vanquished Creatures
  2 hydras
  2 centaur warriors (D:11)
  Erica (D:9)
  A two-headed ogre (D:8)
  A death knight (D:10)
  A deep troll (shapeshifter) (D:14)
  Pikel (D:4)
  A phantasmal warrior (D:10)
  An ugly thing (D:11)
  Maurice (D:9)
  Joseph (D:8)
  3 freezing wraiths
  An efreet (D:14)
  An unseen horror (D:11)
  A troll (D:11)
  3 hornets
  A queen bee (shapeshifter) (D:14)
  Prince Ribbit (D:8)
  4 slime creatures (D:11)
  4 wraiths
  Eustachio (D:5)
  2 wyverns
  10 yaks
  A steam dragon (D:8)
  Edmund (D:4)
  An acid dragon (D:14)
  Duvessa (D:4)
  An orc warrior (D:8)
  A necrophage (D:5)
  An ice beast (D:8)
  5 ogres
  A phantom (D:6)
  3 centaurs
  2 kobold brigands
  A gnoll sergeant (D:12)
  4 scorpions
  4 bullfrogs
  A water moccasin zombie (D:5)
  Dowan (D:4)
  10 killer bees
  4 wights (D:8)
  3 howler monkeys
  2 bullfrog zombies
  2 centaur zombies
  Crazy Yiuf (D:4)
  A quasit (D:8)
  5 hounds
  2 orc priests
  2 bullfrog skeletons (D:7)
  2 centaur skeletons (D:7)
  Jessica (D:2)
  Natasha (thrice) (D:2)
  An iguana (D:4)
  2 orc wizards (D:8)
  A killer bee zombie (D:7)
  Robin (D:4)
  8 adders
  A howler monkey skeleton (D:6)
  A gnoll (D:12)
  A white imp (D:7)
  3 ufetubi
  An adder skeleton (D:4)
  3 dart slugs
  15 orcs
  3 ball pythons
  5 endoplasms
  5 giant cockroaches
  12 goblins
  8 hobgoblins
  17 kobolds
  4 quokkas
  6 bats
  3 frilled lizards
  2 goblin skeletons (D:8)
  2 hobgoblin zombies (D:8)
  A kobold skeleton (D:8)
  A kobold zombie (D:8)
  2 orc skeletons (D:8)
  2 orc zombies (D:8)
  6 rats
229 creatures vanquished.

Vanquished Creatures (collateral kills)
  An ugly thing (D:11)
1 creature vanquished.

Vanquished Creatures (others)
  88 foxfires
  7 fungi
  29 plants
124 creatures vanquished.

Grand Total: 354 creatures vanquished

Notes
Turn   | Place    | Note
-------+----------+-------------------------------------------
     0 | D:1      | jasper the Demonspawn Cinder Acolyte began the quest for
                  | the Orb.
     0 | D:1      | Reached XP level 1. HP: 18/18 MP: 2/2
   209 | D:1      | Reached skill level 3 in Unarmed Combat
   442 | D:1      | Gained mutation: You are partially covered in sharp spines.
                  | [demonic ancestry]
   442 | D:1      | Reached XP level 2. HP: 24/24 MP: 3/3
  1430 | D:2      | Noticed Jessica
  1440 | D:2      | Gained mutation: You have a small tail. [demonic ancestry]
  1440 | D:2      | Reached XP level 3. HP: 23/29 MP: 4/4
  1444 | D:2      | Noticed Natasha
  1445 | D:2      | Killed Jessica
  1446 | D:2      | Reached skill level 4 in Unarmed Combat
  1453 | D:2      | HP: 1/29 [Natasha (5)]
  1454 | D:2      | Killed Natasha
  1455 | D:2      | Gained mutation: You have a tail ending in a sharp stinger.
                  | [demonic ancestry]
  1455 | D:2      | Reached XP level 4. HP: 2/35 MP: 5/5
  1977 | D:2      | Reached skill level 5 in Unarmed Combat
  2023 | D:2      | Noticed Natasha
  2026 | D:2      | Killed Natasha
  2160 | D:2      | Gained mutation: A meltable shield of frost defends you.
                  | (SH +4) [demonic ancestry]
  2160 | D:2      | Reached XP level 5. HP: 40/41 MP: 6/6
  2457 | D:2      | Noticed Natasha
  2470 | D:2      | Killed Natasha
  2849 | D:3      | Found a faded altar of an unknown god.
  3740 | D:4      | Reached skill level 6 in Unarmed Combat
  3824 | D:4      | Reached XP level 6. HP: 47/47 MP: 7/7
  3832 | D:4      | Noticed Dowan
  3840 | D:4      | Killed Dowan
  3872 | D:4      | Noticed Robin
  3879 | D:4      | Killed Robin
  3914 | D:4      | Noticed Duvessa
  3937 | D:4      | Killed Duvessa
  3938 | D:4      | Reached skill level 7 in Unarmed Combat
  4152 | D:4      | Found a staircase to the Ecumenical Temple.
  4278 | D:4      | Noticed Pikel
  4314 | D:4      | Killed Pikel
  4315 | D:4      | Reached skill level 8 in Unarmed Combat
  4315 | D:4      | Reached XP level 7. HP: 13/52 MP: 8/8
  4584 | D:4      | Found a runed translucent door.
  4585 | D:4      | Noticed Crazy Yiuf
  4775 | D:4      | Noticed Edmund
  4805 | D:4      | Killed Edmund
  4806 | D:4      | Reached skill level 9 in Unarmed Combat
  4806 | D:4      | Gained mutation: You have a somewhat thin skeletal
                  | structure. (Dex +2, Stealth+) [demonic ancestry]
  4806 | D:4      | Reached XP level 8. HP: 42/58 MP: 9/9
  5078 | D:4      | Killed Crazy Yiuf
  5364 | D:5      | Entered Level 5 of the Dungeon
  5373 | D:5      | Noticed Eustachio
  5400 | D:5      | Killed Eustachio
  5600 | D:5      | Found Odos's Serpentskin Sales.
  5611 | D:5      | Bought 6 curare-tipped darts for 50 gold pieces
  5711 | D:5      | Reached skill level 10 in Unarmed Combat
  5748 | D:5      | Reached skill level 1 in Evocations
  5942 | D:5      | Reached skill level 1 in Armour
  5960 | D:5      | Found an opulent altar of Gozag.
  6434 | D:5      | Gained mutation: You are mostly covered in sharp spines.
                  | [demonic ancestry]
  6434 | D:5      | Reached XP level 9. HP: 49/65 MP: 10/10
  8223 | D:7      | Identified a scroll of acquirement
  8223 | D:7      | Acquired jasper's Tome of the Rocks and the Snowflakes
  8432 | D:7      | Found an ancient bone altar of Kikubaaqudgha.
  8692 | D:8      | Reached skill level 5 in Evocations
  8714 | D:8      | Reached skill level 5 in Fighting
  8714 | D:8      | Reached skill level 11 in Unarmed Combat
  8932 | D:7      | Learned a level 6 spell: Statue Form
  8944 | D:7      | Reached skill level 1 in Transmutations
  8944 | D:7      | Reached skill level 1 in Earth Magic
  9098 | D:8      | Gained mutation: A meltable icy envelope protects you from
                  | harm. (AC +4) [demonic ancestry]
  9098 | D:8      | Reached XP level 10. HP: 49/74 MP: 11/11
  9262 | D:8      | Noticed Joseph
  9269 | D:8      | Killed Joseph
  9428 | D:8      | Noticed Prince Ribbit
  9441 | D:8      | Killed Prince Ribbit
  9844 | D:8      | Found a staircase to the Lair.
  9930 | D:8      | Noticed a two-headed ogre
  9935 | D:8      | Killed a two-headed ogre
 10069 | D:9      | Found a blossoming altar of Fedhas.
 10124 | D:9      | Reached skill level 5 in Transmutations
 10124 | D:9      | Reached skill level 5 in Earth Magic
 10336 | D:9      | Noticed Maurice
 10414 | D:9      | Killed Maurice
 10436 | D:9      | Noticed a death knight
 10791 | D:10     | Entered Level 10 of the Dungeon
 11212 | D:10     | Noticed a death knight
 11273 | D:10     | Killed a death knight
 11274 | D:10     | Gained mutation: You have a moderately thin skeletal
                  | structure. (Dex +4, Stealth++) [demonic ancestry]
 11274 | D:10     | Reached XP level 11. HP: 47/80 MP: 12/12
 11278 | D:10     | Noticed a phantasmal warrior
 11284 | D:10     | Noticed a two-headed ogre
 11700 | D:10     | HP: 2/80 [phantasmal warrior[a death knight] (19)]
 12152 | D:11     | Noticed an obsidian statue
 12313 | D:11     | Noticed a red ugly thing
 12323 | D:11     | Killed a red ugly thing
 12455 | D:11     | Noticed a centaur warrior
 12462 | D:11     | Killed a centaur warrior
 12555 | D:11     | Noticed a brown ugly thing
 12580 | D:11     | Killed a brown ugly thing
 12721 | D:11     | You are sucked into a shaft and drop 3 floors!
 12721 | D:14     | Noticed a seven-headed hydra
 12725 | D:14     | Noticed a six-headed hydra
 12730 | D:14     | Noticed Frances
 12740 | D:14     | Killed a seven-headed hydra
 12778 | D:14     | Noticed a deep troll
 12778 | D:14     | a snapping turtle changed into a deep troll
 12782 | D:14     | Killed a deep troll
 12814 | D:14     | Noticed Josephine
 14284 | D:12     | Noticed an eight-headed hydra
 14285 | D:12     | Noticed a brown ugly thing
 14294 | D:11     | Killed an eight-headed hydra
 14424 | D:11     | Noticed a centaur warrior
 14441 | D:11     | Killed a centaur warrior
 15128 | Temple   | Entered the Ecumenical Temple
 15843 | D:9      | Noticed Erica
 15885 | D:9      | Killed Erica
 15886 | D:9      | Reached XP level 12. HP: 52/86 MP: 13/13
 16229 | D:9      | Found a staircase to the Orcish Mines.
 16723 | D:10     | HP: 3/86 [freezing wraith[a death knight] (22)]
 16723 | D:10     | Slain by a freezing wraith

Illustrated notes

Levels and vault maps discovered:
D:1:      roderic_lyre, layout_loops_ring, corexii_hall_statues_x
D:2:      layout_loops_cross, minmay_quadrilaterals, uniq_natasha, uniq_jessica
D:3:      layout_basic, basic_ecumenical_altar, nrook_mini_backslash,
          hangedman_abyss_or_decor_lesser_grid
D:4:      layout_loops_ring, temple_fountains, uniq_pikel, uniq_edmund,
          uniq_robin, uniq_duvessa, uniq_crazy_yiuf_cottage
D:5:      layout_basic, grunt_temple_overflow_gold_and_silver,
          guppyfry_shop_venom, uniq_eustachio
D:6:      layout_basic
D:7:      layout_loops_ring, mainiacjoe_overflow_alcove_1, serial_rivers,
          chequers_serial_rivers_large_a, chequers_serial_rivers_large_b,
          chequers_serial_rivers_room_a, chequers_serial_rivers_marsh,
          chequers_serial_rivers_micro_e, chequers_serial_rivers_micro_c
D:8:      layout_gridville, nicolae_tso_besieged_by_evil,
          grunt_lair_entry_orc_guard_hut, uniq_prince_ribbit1, uniq_joseph
D:9:      layout_long_grid, fedhas_altar_3, orc_0_dummy, uniq_maurice,
          uniq_erica
D:10:     minmay_goldmine, layout_small_grid, okawaru_metal_pillars_1_2,
          mainiacjoe_overflow_24_doors, special_room [special_room_kobold],
          chequers_hall_statues_y, uniq_sonja
D:11:     minmay_diamond_stairs, layout_long_grid, minivault_16
D:12:     minmay_wavy_crystal, layout_basic, serial_bayou, serial_bayou_shore_a,
          serial_bayou_pond_d, serial_bayou_pond_e, serial_bayou_lagoon_b,
          serial_bayou_lake_a
D:13:     layout_loops_ring, grunt_vaults_entry_tiered, serial_shops,
          kennysheep_little_box, ebering_ghost_inner_flame, uniq_snorg
D:14:     layout_rooms, grunt_decor_one_mirror, uniq_frances, uniq_josephine
Temple:   regret_index_temple_generic_petals

Skill      XL: |  1  2  3  4  5  6  7  8  9 10 11 |
---------------+----------------------------------+-----
Unarmed Combat | 3 4 5 6 8 9 10 11 | 11.0
Evocations     | 2 5 |  5.0
Armour         | 1 3 |  3.0
Fighting       | 5 |  5.5
Transmutations | 2 6 9 |  9.4
Earth Magic    | 2 6 9 |  9.4
Spellcasting   | |  1.0
Fire Magic     | |  2.6

Action                   |  1- 3 |  4- 6 |  7- 9 | 10-12 || total
-------------------------+-------+-------+-------+-------++-------
Melee: Unarmed           |    55 |   160 |   220 |   313 ||   748
       Tailslap          |       |    14 |    28 |    33 ||    75
       Punch             |       |     2 |     6 |    17 ||    25
Throw: Stone             |    12 |       |       |     1 ||    13
       Dart              |    14 |   111 |    45 |    75 ||   245
       Javelin           |       |       |       |     2 ||     2
Invok: Foxfire Swarm     |     1 |     1 |       |     4 ||     6
       Rising Flame      |       |       |       |     2 ||     2
Evoke: Wand              |       |       |       |    25 ||    25
       Box of beasts     |       |       |       |     1 ||     1
  Use: Scroll            |     3 |     2 |     8 |     5 ||    18
       Potion            |       |     3 |       |    10 ||    13
 Stab: Sleeping          |       |       |       |     4 ||     4
       Paralysed         |       |       |       |    17 ||    17
Armor: Robe              |     7 |       |       |       ||     7
       Ring mail         |     8 |     5 |       |       ||    13
       Scale mail        |       |    33 |    85 |    26 ||   144
       Steam dragon scal |       |       |       |    97 ||    97
       Skin              |       |       |       |    27 ||    27
Dodge: Dodged            |    29 |    49 |    67 |   153 ||   298
Block: Other             |       |    13 |    22 |    52 ||    87

Table legend: (Time is in decaauts)
 A = Elapsed time spent in this place.
 B = Non-inter-level travel time spent in this place.
 C = Inter-level travel time spent in this place.
 D = Time resting spent in this place.
 E = Time spent auto-exploring this place.
 F = Levels seen in this place.
 G = Mean time per level.
                   A        B        C        D        E       F      G
               +--------+--------+--------+--------+--------+-----+--------+
         Total |  16654 |  15593 |   1061 |   3884 |   9177 |  15 | 1110.3 |
       Dungeon |  16410 |  15376 |   1034 |   3884 |   8971 |  14 | 1172.1 |
        Temple |    243 |    216 |     27 |      0 |    206 |   1 |  243.0 |
               +--------+--------+--------+--------+--------+-----+--------+

Top non-repeatable levels by time:
    D:11: 2379 daAuts
     D:9: 1957 daAuts
     D:4: 1838 daAuts
     D:1: 1646 daAuts
     D:5: 1472 daAuts
     D:7: 1402 daAuts
     D:8: 1334 daAuts
    D:10: 1056 daAuts
     D:2: 1051 daAuts
     D:3: 918 daAuts
     D:6: 796 daAuts
    D:13: 245 daAuts
  Temple: 243 daAuts
    D:12: 214 daAuts
    D:14: 95 daAuts
